 Dungeon Crawl Stone Soup version 0.18.1-50-g88ac8fd (webtiles) character file.

42 Petrinko13250 the Shield-Bearer (level 3, 8/29 HPs)
             Began as a Human Fighter on Dec 19, 2016.
             Quit the game on level 2 of the Dungeon.
             The game lasted 00:11:08 (1218 turns).

Petrinko13250 the Shield-Bearer (Human Fighter)     Turns: 1218, Time: 00:11:08

Health: 8/29       AC: 12    Str: 21    XL:     3   Next: 77%
Magic:  3/3        EV: 18    Int:  8    God:
Gold:   47         SH:  0    Dex: 13    Spells: 0 memorised, 2 levels left

rFire  . . .     SeeInvis .     (weapon currently unavailable)
rCold  . . .     Gourm    .     (armour currently unavailable)
rNeg   + + +     Faith    .     (shield currently unavailable)
rPois  +         Spirit   .     (no helmet)
rElec  .         Dismiss  .     (cloak currently unavailable)
rCorr  .         Reflect  .     (gloves currently unavailable)
SustAt .         Harm     .     (boots currently unavailable)
MR     .....                    (no amulet)
Stlth  +.........               (no ring)
                                (no ring)

@: mighty, fungus-form, not resistant to hostile enchantments, very unstealthy
A: no striking features
a: no special abilities


You were on level 2 of the Dungeon.
You were very hungry.
You were a sentient fungus.
You visited 1 branch of the dungeon, and saw 2 of its levels.

You collected 47 gold pieces.

Inventory:

Hand Weapons
 a - a +0 rapier (melded)
 e - a +0 dagger
 i - a +1 whip of electrocution
Missiles
 h - 17 arrows
 k - 11 bolts
Armour
 b - a +0 scale mail (melded)
 c - a +0 shield (melded)
 j - a +0 pair of boots (melded)
Potions
 g - a potion of berserk rage
Comestibles
 f - a bread ration


   Skills:
 + Level 3.3 Fighting
 + Level 2.1 Short Blades
 + Level 3.3 Armour
 + Level 1.2 Dodging
 + Level 3.4 Shields


You had 2 spell levels left.
You didn't know any spells.

Dungeon Overview and Level Annotations

Branches:
Dungeon (2/15)

Altars:

Annotations:
D:2 Sigmund


Message History

You're too terrified to move while being watched!
You're too terrified to move while being watched!
You're too terrified to move while being watched!
You're too terrified to move while being watched!
You're too terrified to move while being watched!
You're too terrified to move while being watched!
You're too terrified to move while being watched!
You're too terrified to move while being watched!
You're too terrified to move while being watched!
You're too terrified to move while being watched!
You're too terrified to move while being watched!
You're too terrified to move while being watched!
You're too terrified to move while being watched!
You're too terrified to move while being watched!
Level annotation: Sigmund Welcome back, Petrinko13250 the Human Fighter.
Press ? for a list of commands and other information.
Quiver which item? (- for none, * to show all) (? for menu, Esc to quit)
Okay, then.
Are you sure you want to abandon this character and quit the game? (Confirm with "yes".)

#.# #.................#.#.# ...#
#.# #....########'#####.#'##...#
#.# #..).......................#
#.# #.........###.#####........#
#.# #.........+.#.# #........#
#.# #.........#.#.# #........#
#.# ####......#.#.#####........#
#.# #......#.#<....'........#
#.# #......#f#.#####........#
#.# ......#.#.......######## #.#
#.######.#######'######## #.# #.
#.# #........... #.# #. #.#
#........... #.# #.######.#
#........... #.#
#......@.#######'######## #.#
##.......................
#.#######.......................


You could see Sigmund.

Vanquished Creatures
  4 dart slugs (D:1)
  A giant gecko (D:1)
  2 giant cockroaches (D:1)
  2 goblins (D:1)
  6 hobgoblins
  A quokka (D:2)
  3 bats (D:1)
  2 giant newts (D:1)
  6 kobolds
  3 rats
30 creatures vanquished.

Notes
Turn   | Place    | Note
--------------------------------------------------------------
     0 | D:1      | Petrinko13250 the Human Fighter began the quest for the Orb.
     0 | D:1      | Reached XP level 1. HP: 18/18 MP: 1/1
    94 | D:1      | Reached XP level 2. HP: 24/24 MP: 2/2
   312 | D:1      | Reached XP level 3. HP: 29/29 MP: 3/3
   829 | D:2      | Reached skill level 1 in Dodging
  1096 | D:2      | Noticed Sigmund
  1218 | D:2      | Quit the game

Skill      XL: |  1  2  3 |
---------------+----------+-----
Dodging        | 1 |  1.2
Fighting       | |  3.3
Short Blades   | |  2.1
Armour         | |  3.3
Shields        | |  3.4

Action                   || total
-------------------------++-------
Melee: Rapier            ||   100
       Unarmed           ||     1
  Use: Scroll            ||     3
       Potion            ||     1
Armor: Scale mail        ||    61
Dodge: Dodged            ||    42
Block: Shield            ||    74
